 Dungeon Sprint DCSS version 0.21.1-1-g345015f (webtiles) character file.

66 Psiloshibe the Carver (level 8, -7/75 HPs)
             Began as a Barachi Berserker on June 23, 2018.
             Was an Elder of Trog.
             Mangled by a redback (15 damage)
             ... summoned by a deep elf mage
             ... in the Dungeon (Sprint VI: "Thunderdome").
             The game lasted 00:04:28 (370 turns).

Psiloshibe the Carver (Barachi Berserker)            Turns: 370, Time: 00:04:29

Health: -7/75      AC:  2    Str: 23    XL:     8   Next: 2%
Magic:  8/8        EV: 17    Int:  7    God:    Trog [****..]
Gold:   175        SH:  0    Dex: 20    Spells: 7/7 levels left

rFire    . . .     SeeInvis .   a - +0 falchion
rCold    . . .     Gourm    .   (no shield)
rNeg     . . .     Faith    +   b - +0 animal skin
rPois    +         Spirit   .   (no helmet)
rElec    +         Reflect  .   (no cloak)
rCorr    .         Harm     .   (no gloves)
MR       +++..     NoTele   +   (no boots)
Stlth    +++.......             n - amulet of Weinaer {Faith rPois}
HPRegen  1.22/turn              o - ring "Guirutor" {MR+ Str+3 Dex+3 Stlth+}
MPRegen  0.11/turn              p - ring "Elulebeh" {+Fly rElec Dex+4}

@: berserk cooldown, regenerating, slowed, drained, very slow
A: +LOS, swims, slowness 1, strong legs 1
a: Hop, Berserk, Trog's Hand, Brothers in Arms, Burn Spellbooks, Renounce
Religion, Evoke Flight


You were in the Dungeon.
You worshipped Trog.
Trog was greatly pleased with you.
You were near starving.

You visited 1 branch You collected 310 gold pieces.
You spent 135 gold pieces at shops.

Inventory:

Hand Weapons
 a - a +0 falchion (weapon)
Armour
 b - a +0 animal skin (worn)
Jewellery
 n - the amulet of Weinaer (around neck) {Faith rPois}
   (You bought it in a shop in the Dungeon)

   [amulet of faith]

   It allows you to gain divine favour quickly.
   It protects you from poison.
 o - the ring "Guirutor" (left hand) {MR+ Str+3 Dex+3 Stlth+}
   (You bought it in a shop in the Dungeon)

   [ring of protection from magic]

   It affects your strength (+3).
   It affects your dexterity (+3).
   It affects your resistance to hostile enchantments.
   It makes you more stealthy.
 p - the ring "Elulebeh" (right hand) {+Fly rElec Dex+4}
   (You bought it in a shop in the Dungeon)

   [ring of flight]

   It affects your dexterity (+4).
   It insulates you from electricity.
   It lets you fly.
Wands
 j - a wand of acid (4)
 k - a wand of iceblast (5)
Scrolls
 i - 4 scrolls of blinking
 l - 3 scrolls of fog
Potions
 d - a potion of curing
 e - 3 potions of heal wounds
 f - 4 potions of haste
 g - 2 potions of magic
 h - a potion of berserk rage
 m - a potion of resistance
Comestibles
 c - a ration
 q - 3 chunks of flesh


   Skills:
 + Level 11.0(10.4) Fighting
 + Level 12.1(11.4) Long Blades
 * Level 7.7(7.1) Throwing
 + Level 5.4(4.9) Armour
 + Level 6.6(6.0) Dodging
 + Level 1.5(1.0) Stealth
 + Level 0.3(0.0) Evocations


You had 7 spell levels left.
You didn't know any spells.

Dungeon Overview and Level Annotations

Branches:
Dungeon (1/1)

Altars:
Cheibriados
Dithmenos
Fedhas
Gozag
Kikubaaqudgha
Makhleb
Okawaru
Qazlal
Ru
Sif Muna
Trog
Uskayaw
Vehumet
Wu Jian
Xom
Yredelemnul
Zin
The Shining One
Beogh
Jiyva
Lugonu

Shops:
D *[%??*?*:[((!!!!


Innate Abilities, Weirdness & Mutations

Shadows flee at your approach. (+LOS)
You can swim through water.
You cover ground slowly.
You can hop short distances.


Message History

* * * LOW HITPOINT WARNING * * *
You fail to use your ability.
The deep elf mage hits you with a dagger.
* * * LOW HITPOINT WARNING * * *
The redback bites you.
* * * LOW HITPOINT WARNING * * *
The deep elf mage hits you with a dagger.
* * * LOW HITPOINT WARNING * * *
The redback barely misses you.
You slash the deep elf mage!
The deep elf mage is moderately wounded.
The redback barely misses you.
You riposte.
You hit the redback but do no damage.
The redback is heavily wounded.
The deep elf mage gestures wildly while chanting.
The deep elf mage blinks!
You closely miss the redback.
The redback is heavily wounded.
The redback barely misses you. The redback bites you!
You die...

##.............###...)......
#⌠§.........###...###.......
#⌠..........# #.<.# #.......
#⌠.......ee.###...###.......
##.............###..........
###∩.)......8.# #.8........
##∩s__.sE...###......___∩
######s8§........8.#####
#⌠@.....)....⌠#
###)........### #_......._#
#_......._# #_........#
#∩.......∩# ##∩.....∩##
##.....## ##⌠⌠⌠##


You could see a demonic crawler, 2 deep elf magi, a fire elemental and a
redback.

Vanquished Creatures
  A deep elf mage (D)
  A guardian mummy (D)
  A mummy (D)
  2 leopard geckos (D)
  2 goblins (D)
  3 hobgoblins (D)
  A frilled lizard (D)
  A jackal zombie (D)
  A leopard gecko skeleton (D)
13 creatures vanquished.

Vanquished Creatures (collateral kills)
  A deep elf mage (D)
  A guardian mummy (D)
  Menkaure (D)
  A mummy (D)
4 creatures vanquished.

Grand Total: 17 creatures vanquished

Notes
Turn   | Place    | Note
-------+----------+-------------------------------------------
     0 | D        | Psiloshibe the Barachi Berserker began the quest for the Orb.
     0 | D        | Reached XP level 1. HP: 18/18 MP: 1/1
     1 | D        | Found a radiant altar of Vehumet.
     1 | D        | Found a shimmering altar of Xom.
     2 | D        | Found a burning altar of Makhleb.
     2 | D        | Found an iron altar of Okawaru.
     3 | D        | Found a deep blue altar of Sif Muna.
     3 | D        | Found an opulent altar of Gozag.
     4 | D        | Found Ystrick's Delicious Food.
     4 | D        | Found a hide-covered altar of Uskayaw.
     4 | D        | Found Koghoyt's Identification Station.
     4 | D        | Found an ornate altar of the Wu Jian Council.
     5 | D        | Found Bainabox's Jewellery.
     5 | D        | Found Maasoyx's Advanced Armour.
     5 | D        | Found a glowing golden altar of the Shining One.
     5 | D        | Found a glowing silver altar of Zin.
     5 | D        | Found a snail-covered altar of Cheibriados.
     5 | D        | Found a stormy altar of Qazlal.
     5 | D        | Round 1.
    14 | D        | Bought a scintillating ruby amulet for 45 gold pieces
    14 | D        | Bought a translucent jade ring for 45 gold pieces
    14 | D        | Bought a warped bone ring for 45 gold pieces
    14 | D        | Identified the amulet of Weinaer {Faith rPois} (You bought it in a shop in the Dungeon)
    15 | D        | Identified the ring "Guirutor" {MR+ Str+3 Dex+3 Stlth+} (You bought it in a shop in the Dungeon)
    16 | D        | Identified the ring "Elulebeh" {+Fly rElec Dex+4} (You bought it in a shop in the Dungeon)
    29 | D        | Found a basalt altar of Yredelemnul.
    30 | D        | Found a shadowy altar of Dithmenos.
    31 | D        | Found Jigrimp's Premium Goods.
    32 | D        | Found a bloodstained altar of Trog.
    32 | D        | Found a blossoming altar of Fedhas.
    32 | D        | Found Bihoiluf's Weapon Rack.
    32 | D        | Found Igamnecirch's Miscellaneous Merchandise.
    32 | D        | Found Qomu's Basic Armour.
    36 | D        | Found a roughly hewn altar of Beogh.
    39 | D        | Found an ancient bone altar of Kikubaaqudgha.
    42 | D        | Reached ** piety under Trog
    44 | D        | Found a sacrificial altar of Ru.
    45 | D        | Found Ifaecewa's Do-It-Yourself Clinic.
    46 | D        | Found Lulil's Bottled Wisdom.
    46 | D        | Found Gobuom's Distillery.
    46 | D        | Found a corrupted altar of Lugonu.
    46 | D        | Found a viscous altar of Jiyva.
    46 | D        | Found Qougum's Distillery.
    53 | D        | Reached skill level 4 in Long Blades
    53 | D        | Reached skill level 1 in Throwing
    72 | D        | Found Wisim's Staff Store.
    72 | D        | Found Nyzel's Must-Have Magic.
    72 | D        | Found Gutapri's Magic Scroll Shop.
    73 | D        | Found Cibiseid's Magic Scroll Shop.
    77 | D        | Arena points: 12 (+12) [x2]
   118 | D        | Round 2.
   136 | D        | Reached *** piety under Trog
   136 | D        | Reached XP level 2. HP: 17/26 MP: 2/2
   191 | D        | Reached **** piety under Trog
   196 | D        | Arena points: 48 (+36) [x3]
   220 | D        | Round 3.
   222 | D        | Noticed Menkaure
   231 | D        | Killed Menkaure
   231 | D        | Reached skill level 6 in Long Blades
   231 | D        | Reached XP level 3. HP: 34/34 MP: 3/3
   231 | D        | Reached XP level 4. HP: 40/40 MP: 4/4
   268 | D        | Noticed a guardian mummy
   281 | D        | Killed a guardian mummy
   281 | D        | HP: 1/60 [guardian mummy's death curse (25)]
   281 | D        | Reached skill level 9 in Long Blades
   281 | D        | Reached skill level 5 in Throwing
   281 | D        | Reached skill level 5 in Dodging
   281 | D        | Reached XP level 5. HP: 2/50 MP: 5/5
   281 | D        | Reached XP level 6. HP: 2/57 MP: 6/6
   291 | D        | Noticed a guardian mummy
   312 | D        | Killed a guardian mummy
   312 | D        | Reached skill level 10 in Long Blades
   333 | D        | Arena points: 66 (+18) [x1]
   346 | D        | Round 4.
   347 | D        | Noticed a deep elf mage
   350 | D        | Noticed a deep elf mage
   350 | D        | Noticed a deep elf mage
   353 | D        | Killed a deep elf mage
   353 | D        | Reached skill level 10 in Fighting
   353 | D        | Reached skill level 11 in Long Blades
   353 | D        | Reached skill level 5 in Armour
   353 | D        | Reached skill level 1 in Stealth
   353 | D        | Reached XP level 7. HP: 51/66 MP: 7/7
   354 | D        | Noticed a deep elf mage
   355 | D        | Noticed a fire elemental
   357 | D        | Noticed a chaos spawn
   358 | D        | Killed a deep elf mage
   358 | D        | Reached skill level 12 in Long Blades
   358 | D        | Reached XP level 8. HP: 61/75 MP: 8/8
   359 | D        | Noticed a redback
   359 | D        | Noticed a demonic crawler
   370 | D        | Mangled by a redback

Skill      XL: |  1  2  3  4  5  6  7 |
---------------+----------------------+-----
Fighting       | 4 6 8 10 11 | 11.0
Long Blades    | 4 6 9 11 12 | 12.1
Throwing       | 1 3 5 7 |  7.7
Dodging        | 3 5 6 |  6.6
Armour         | 3 4 5 |  5.4
Stealth        | 1 |  1.5
Evocations     | |  0.3

Action                   |  1- 3 |  4- 6 |  7- 9 || total
-------------------------+-------+-------+-------++-------
Melee: Falchion          |    31 |    13 |     7 ||    51
Invok: Trog's Hand       |     1 |     3 |       ||     4
       Brothers in Arms  |     1 |     3 |       ||     4
       Berserk           |       |     2 |       ||     2
 Abil: Hop               |       |     1 |       ||     1
Evoke: Wand              |       |     1 |       ||     1
  Use: Potion            |       |       |     1 ||     1
  Eat: Chunk             |       |     1 |       ||     1
Armor: Animal skin       |     6 |     1 |     1 ||     8
Dodge: Dodged            |    14 |     8 |    10 ||    32
       Rpst.: Falchion   |     3 |     4 |     1 ||     8
